 Dungeon Crawl Stone Soup version 0.28.0-43-g3370ac3207 (webtiles) character file.

Game seed: 12554363059115749452

8 jimonade the Cudgeller (level 2, 0/23 HPs)
             Began as a Gnoll Wanderer on Mar 14, 2022.
             Slain by a jackal (3 damage)
             ... on level 1 of the Dungeon.
             The game lasted 00:01:05 (471 turns).

jimonade the Cudgeller (Gnoll Wanderer)              Turns: 471, Time: 00:01:05

Health: 0/23       AC:  0    Str: 11    XL:     2   Next: 8%
Magic:  5/5        EV: 11    Int:  9    God:
Gold:   2          SH:  0    Dex: 13    Spells: 6/6 levels left

rFire   . . .      SeeInvis .   a - +2 mace
rCold   . . .      Faith    .   (no shield)
rNeg    . . .      Spirit   .   (no armour)
rPois   .          Reflect  .   (no helmet)
rElec   .          Harm     .   (no cloak)
rCorr   .          Rampage  .   (no gloves)
Will    .....                   (no boots)
Stlth   +.........              (no amulet)
HPRegen 0.07/turn               (no ring)
MPRegen 0.09/turn               (no ring)

@: no status effects
A: fangs 1, strong nose, distributed training
a: no special abilities


You were on level 1 of the Dungeon.
You visited 1 branch of the dungeon, and saw 1 of its levels.

You collected 2 gold pieces.

Inventory:

Hand Weapons
 a - a +2 mace (weapon)
 b - a +0 hunting sling
Missiles
 c - 20 sling bullets
 e - 13 stones (quivered)
Armour
 d - a +0 ring mail


   Skills:
 + Level 2.4 Fighting
 + Level 0.2 Short Blades
 + Level 0.2 Long Blades
 + Level 0.2 Axes
 + Level 6.4 Maces & Flails
 + Level 0.2 Polearms
 + Level 0.2 Staves
 + Level 4.4 Slings
 + Level 0.2 Bows
 + Level 0.2 Crossbows
 + Level 0.2 Throwing
 + Level 4.4 Armour
 + Level 0.2 Dodging
 + Level 0.2 Stealth
 + Level 0.2 Shields
 + Level 0.2 Unarmed Combat
 + Level 2.6 Spellcasting
 + Level 0.1 Conjurations
 + Level 0.1 Hexes
 + Level 0.1 Summonings
 + Level 0.1 Necromancy
 + Level 0.1 Translocations
 + Level 0.1 Transmutations
 + Level 0.1 Fire Magic
 + Level 0.1 Ice Magic
 + Level 0.1 Air Magic
 + Level 0.1 Earth Magic
 + Level 0.1 Poison Magic
 + Level 0.3 Invocations
 + Level 2.4 Evocations


You had 6 spell levels left.
You didn't know any spells.
Your spell library was empty.

Dungeon Overview and Level Annotations

Branches:
Dungeon (1/15)

Altars:


Innate Abilities, Weirdness & Mutations

You have very sharp teeth.
Your uncanny sense of smell can sniff out nearby items.
Your experience applies equally to all skills.


Message History

The jackal barely misses you.
You hit the jackal.
The jackal is lightly wounded.
A jackal comes into view.
The jackal completely misses you.
You completely miss the jackal.
The jackal is lightly wounded.
The jackal barks!
The jackal barely misses you.
You hit the jackal but do no damage.
The jackal is lightly wounded.
The jackal misses you. The jackal closely misses you.
You hit the jackal.
The jackal is heavily wounded.
The jackal bites you. The jackal barely misses you.
A quokka comes into view.
The jackal bites you.
You sock the jackal!
You kill the jackal!
The jackal bites you.
You hit the jackal.
The jackal is severely wounded.
The jackal bites you. The jackal barely misses you. The jackal bites you. x2
You closely miss the jackal. The jackal misses you. x2
You are too injured to fight recklessly!
You closely miss the jackal. The jackal bites you. x2
* * * LOW HITPOINT WARNING * * *
The jackal bites you.
* * * LOW HITPOINT WARNING * * *
The jackal closely misses you.
Unknown command.
You closely miss the jackal. The jackal barely misses you.
The jackal completely misses you. The quokka barely misses you.
The jackal barely misses you.
You hit the jackal.
You kill the jackal!
The quokka bites you.
* * * LOW HITPOINT WARNING * * *
The jackal bites you.
You die...

#.# #.# .........
#.# #....#.......
#.# #....#......#
#.# #....#......#
#.# #....#......#
#.# #...h#......#
#.# ###....#hr....#
#.# ........#@# ..
#.# ###.....#†#
.##### #.#
..........##......
#.#
###.....##........
#.#
#......##........
#.# #
#......##........
#.# #.
#...#..##........
#.#
#.##...#..##........
#.#
#......#..#.........


You could see a quokka and a jackal.

Vanquished Creatures
  A giant cockroach (D:1)
  A hobgoblin (D:1)
  2 jackals (D:1)
  A bat (D:1)
  2 frilled lizards (D:1)
  2 goblins (D:1)
9 creatures vanquished.

Notes
Turn   | Place    | Note
-------+----------+-------------------------------------------
     0 | D:1      | jimonade the Gnoll Wanderer began the quest for the Orb.
     0 | D:1      | jimonade set off with the following items: a +2 mace, a +0
                  | hunting sling, 20 sling bullets, a +0 ring mail
     0 | D:1      | Reached XP level 1. HP: 17/17 MP: 4/4
   299 | D:1      | Reached XP level 2. HP: 13/23 MP: 5/5
   471 | D:1      | Slain by a jackal

Illustrated notes

Levels and vault maps discovered:
D:1:      dpeg_arrival_shrine, layout_basic

Action                   || total
-------------------------++-------
Melee: Mace              ||    35
       Punch             ||     1
       Bite              ||     1
Armor: Ring mail         ||     5
Dodge: Dodged            ||    32
